 Dungeon Crawl Stone Soup version 0.30-a0-881-g1ff12e1e11 (webtiles) character file.

Game seed: 3277402690602534397

33 dolemite99 the Shooter (level 3, -1/27 HPs)
             Began as a Formicid Hunter on Mar 15, 2023.
             Succumbed to an adder's poison
             ... on level 2 of the Dungeon.
             The game lasted 00:01:24 (1086 turns).

dolemite99 the Shooter (Formicid Hunter)            Turns: 1086, Time: 00:01:24

Health: -1/27      AC:  3    Str: 15    XL:     3   Next: 47%
Magic:  3/3        EV: 12    Int:  8    God:
Gold:   18         SH:  0    Dex: 19    Spells: 2/2 levels left

rFire   . . .      SeeInvis +    a - +1 shortbow
rCold   . . .      Faith    .    (no shield)
rNeg    . . .      Spirit   .    c - +0 leather armour
rPois   .          Reflect  .    (helmet unavailable)
rElec   .          Rampage  .    (no cloak)
rCorr   .                        (no gloves)
Will    .....                    (no boots)
Stlth   ++                       (no amulet)
HPRegen 0.24/turn                (no ring)
MPRegen 0.08/turn                (no ring)

@: lethally poisoned (-1 -> -6)
A: permanent stasis, dig shafts and tunnels, antennae 3, four strong arms
a: Dig, Shaft Self


You were on level 2 of the Dungeon.
You visited 1 branch of the dungeon, and saw 2 of its levels.

You collected 40 gold pieces.
You spent 22 gold pieces at shops.

Inventory:

Hand Weapons
 a - a +1 shortbow (weapon)
Armour
 c - a +0 leather armour (worn)
Jewellery
 f - a +6 ring of dexterity
 k - a +4 ring of protection
Scrolls
 b - 2 scrolls of immolation
 e - a scroll of identify {@r1}
 g - a scroll of magic mapping
Potions
 d - a potion of mutation {unknown}
 j - a potion of curing {unknown}
 l - a potion of cancellation {unknown}


   Skills:
 - Level 2.1 Fighting
 + Level 5.1 Ranged Weapons
 - Level 1.7 Dodging
 - Level 1.2 Stealth


You had 2 spell levels left.
You didn't know any spells.
Your spell library contained the following spells:

 Spells                   Type           Power      Damage    Failure   Level
 Lesser Beckoning         Tloc           0%         N/A       63%         2
 Sublimation of Blood     Necr           0%         N/A       63%         2
 Wereblood                Tmut           0%         N/A       63%         2
 Gell's Gravitas          Tloc           0%         N/A       85%         3
 Teleport Other           Tloc           0%         N/A       85%         3
 Summon Hydra             Summ           0%         N/A       100%        7


Dungeon Overview and Level Annotations

Branches:
Dungeon (2/15)

Altars:

Shops:
D:1 *


Innate Abilities, Weirdness & Mutations

You cannot be hasted, slowed, berserked, paralysed or teleported.
You can dig through walls and to a lower floor.
You have a pair of large antennae on your head. (SInv)
Your four strong arms can wield two-handed weapons with a shield.


Message History

You shoot an arrow. The arrow hits the adder.
The adder is lightly wounded.
The adder barely misses you. The adder bites you.
You are poisoned.
The adder poisons you! The adder misses you.
You shoot an arrow. The arrow misses the adder.
You feel sick.
The adder bites you but does no damage. x2; The adder closely misses you.
The adder bites you.
You are more poisoned.
The adder poisons you!
You are too injured to fight recklessly!
You are too injured to fight recklessly!
You are too injured to fight recklessly!
The adder attacks as you move away! The adder misses you.
You feel sick. The adder barely misses you.
You feel sick. The adder bites you.
You are more poisoned.
The adder poisons you!
Okay, then.
You shoot an arrow. The arrow hits the adder.
The adder is severely wounded.
You feel sick. The adder bites you but does no damage.
You shoot an arrow. The arrow misses the adder.
The arrow barely misses the adder.
You feel sick. The adder barely misses you. The adder bites you.
You are lethally poisoned!
The adder poisons you!
You shoot an arrow. The arrow closely misses the adder.
The arrow barely misses the adder.
* * * LOW HITPOINT WARNING * * *
You feel very sick. The adder barely misses you. x2
You shoot an arrow. The arrow barely misses the adder.
The arrow closely misses the adder.
* * * LOW HITPOINT WARNING * * *
You feel sick. The adder bites you.
* * * LOW HITPOINT WARNING * * *
You shoot an arrow. The arrow hits the adder!
You kill the adder!
You die...

##.## ... #.#
#.# #.# #.#
#.###.#
#.S##.#
##†##.#
#@##.# #.##.#
#.##.# ##
#†##.####...#
#)...<....#
#########...#
##


You could see an adder.

Vanquished Creatures
  An adder (D:2)
  A worm (D:2)
  A dart slug (D:1)
  4 ball pythons (D:1)
  An endoplasm (D:1)
  2 hobgoblins (D:1)
  4 jackals (D:1)
  2 quokkas (D:1)
  3 bats (D:1)
  2 frilled lizards (D:1)
  4 kobolds (D:1)
  3 rats (D:1)
28 creatures vanquished.

Notes
Turn   | Place    | Note
-------+----------+-------------------------------------------
     0 | D:1      | dolemite99 the Formicid Hunter began the quest for the Orb.
     0 | D:1      | Reached XP level 1. HP: 16/16 MP: 1/1
   140 | D:1      | Reached XP level 2. HP: 22/22 MP: 2/2
   421 | D:1      | Reached XP level 3. HP: 27/27 MP: 3/3
   542 | D:1      | Reached skill level 5 in Ranged Weapons
   607 | D:1      | Found Pintats's Assorted Antiques.
   610 | D:1      | Bought a clear potion for 22 gold pieces
  1085 | D:2      | HP: 1/27 [adder (3)]
  1086 | D:2      | Succumbed to an adder's poison

Illustrated notes

Levels and vault maps discovered:
D:1:      dpeg_arrival_rooms_b, layout_basic, serial_shops, shop, st_stairs_2,
          chequers_avenue
D:2:      layout_loops_ring, serial_shops, nicolae_shop_behind_doors,
          dilly_ecumenical_altar_fadedgnrine, dreamdust_princess_bridge

Skill      XL: |  1  2  3 |
---------------+----------+-----
Ranged Weapons | 5 |  5.1
Fighting       | |  2.1
Dodging        | |  1.7
Stealth        | |  1.2

Action                     || total
---------------------------++-------
   Fire: Shortbow          ||    62
    Use: Scroll            ||     4
 Armour: Leather armour    ||    13
  Dodge: Dodged            ||    19

Table legend: (Time is in decaauts)
 A = Elapsed time spent in this place.
 B = Non-inter-level travel time spent in this place.
 C = Inter-level travel time spent in this place.
 D = Time resting spent in this place.
 E = Time spent auto-exploring this place.
 F = Levels seen in this place.
 G = Mean time per level.
                   A        B        C        D        E       F      G
               +--------+--------+--------+--------+--------+-----+--------+
         Total |   1104 |   1090 |     14 |    200 |    703 |   2 |  552.0 |
       Dungeon |   1104 |   1090 |     14 |    200 |    703 |   2 |  552.0 |
               +--------+--------+--------+--------+--------+-----+--------+

Top non-repeatable levels by time:
     D:1: 1061 daAuts
     D:2: 43 daAuts
